 Dungeon Crawl Stone Soup version 0.20.1-1-g8b1a95d (webtiles) character file.

138870 Haldmier the Brawler (level 17, -7/117 HPs)
             Began as an Octopode Transmuter on Oct 16, 2017.
             Was the Champion of Cheibriados.
             Mangled by a shambling mangrove (25 damage)
             ... on level 4 of the Swamp.
             The game lasted 03:09:07 (36599 turns).

Haldmier the Brawler (Octopode Transmuter)         Turns: 36599, Time: 03:09:08

Health: -7/117     AC:  3    Str: 35    XL:     17   Next: 27%
Magic:  0/44       EV: 18    Int: 32    God:    Cheibriados [******]
Gold:   1828       SH: 16    Dex: 27    Spells: 4/24 levels left

rFire    . . .     SeeInvis .     - Unarmed
rCold    + . .     Gourm    .   n - +0 shield
rNeg     . . .     Faith    .   (helmet restricted)
rPois    +         Spirit   +   Z - amulet of guardian spirit
rElec    +         Reflect  .   H - ring of fire
rCorr    .         Harm     .   t - ring of protection from cold
MR       +++..                  X - +2 ring of protection
Stlth    +++++++...             p - ring "Uheoch" {Wiz rPois rF- Stlth+}
Regen    0.3/turn               e - ring of magical power
MPRegen  0.3/turn               s - ring of Cetsoos {rElec Str+5}
                                W - ring of protection from cold
                                G - ring "Terurro" {MR++ MP+9}

@: grasped by roots, very slightly contaminated, very slow
A: almost no armour, stealthy swim, amphibious, 8 rings, constrict 8, camouflage
1, gelatinous body 1
a: Bend Time, Temporal Distortion, Slouch, Step From Time, Renounce Religion


You were on level 4 of the Swamp.
You worshipped Cheibriados.
Cheibriados was exalted by your worship.
You were not hungry.

You visited 5 branches of the dungeon, and saw 27 of its levels.
You also visited: Labyrinth, Ossuary, Ice Cave and Volcano.

You collected 2933 gold pieces.
You spent 1105 gold pieces at shops.

Inventory:

Hand Weapons
 b - a +0 blowgun
Missiles
 a - 433 arrows
 y - 9 curare-tipped needles
 C - 2 throwing nets
 D - 57 poisoned needles
 L - 8 javelins (quivered)
Armour
 n - a +0 shield (worn)
Jewellery
 e - a ring of magical power (on tentacle)
 j - a +1 ring of protection
 p - the ring "Uheoch" (on tentacle) {Wiz rPois rF- Stlth+}
   (You found it on level 1 of the Swamp)

   [ring of wizardry]

   It improves your spell success rate.
   It makes you vulnerable to fire.
   It protects you from poison.
   It makes you more stealthy.
 s - the ring of Cetsoos (on tentacle) {rElec Str+5}
   (You took it off a minotaur in a labyrinth)

   [ring of strength]

   It affects your strength (+5).
   It insulates you from electricity.
 t - a ring of protection from cold (right tentacle)
 G - the ring "Terurro" (on tentacle) {MR++ MP+9}
   (You found it on level 1 of the Swamp)

   [ring of magical power]

   It affects your resistance to hostile enchantments.
   It affects your magic capacity (+9).
 H - a ring of fire (left tentacle)
 Q - an uncursed ring of resist corrosion
 W - a ring of protection from cold (on tentacle)
 X - a +2 ring of protection (on tentacle)
 Z - an amulet of guardian spirit (around mantle)
Wands
 k - a wand of iceblast (5/15)
 m - a wand of digging (1/24)
 K - a wand of acid (9/15)
 M - a wand of enslavement (8/24)
Scrolls
 d - 18 scrolls of teleportation
 f - 2 scrolls of fear
 l - 10 scrolls of remove curse
 v - a scroll of blinking
 x - 3 scrolls of fog
 P - 7 scrolls of identify
 R - 2 scrolls of magic mapping
 T - 3 scrolls of silence
Potions
 g - 9 potions of lignification
 o - 4 potions of flight
 q - 6 potions of agility
 u - 2 potions of magic
 w - 4 potions of resistance
 z - 9 potions of might
 E - a potion of invisibility
 F - 4 potions of cancellation
 N - 3 potions of curing
Books
 h - the Catalogue of the Compass
   (You found it on level 3 of the Swamp)

   Spells                             Type                      Level
   a - Apportation                    Translocation                1
   b - Portal Projectile              Hexes/Translocation          3
   c - Recall                         Summoning/Translocation      3
   d - Gell's Gravitas                Translocation                3
   e - Passage of Golubria            Translocation                4
Miscellaneous
 r - a box of beasts
 S - a lamp of fire
Comestibles
 c - 19 bread rations
 A - 23 royal jellies
 U - 35 fruits
 V - 13 meat rations


   Skills:
 - Level 11.2 Fighting
 - Level 12.1 Dodging
 - Level 11.0 Stealth
 + Level 13.4 Shields
 - Level 15.8 Unarmed Combat
 - Level 4.0 Spellcasting
 - Level 8.0 Transmutations
 - Level 2.0 Ice Magic
 - Level 2.0 Poison Magic
 - Level 12.0 Invocations


You had 4 spell levels left.
You knew the following spells:

 Your Spells              Type           Power        Failure   Level  Hunger
a - Beastly Appendage     Tmut           ######       1%          1    None
b - Sticks to Snakes      Tmut           ######..     1%          2    None
c - Spider Form           Tmut/Pois      #####.....   1%          3    #......
d - Ice Form              Ice/Tmut       #####...     3%          4    ###....
e - Blade Hands           Tmut           ######....   2%          5    #####..
f - Confusing Touch       Hex            #.....       2%          1    None
g - Blink                 Tloc           N/A          4%          2    None
h - Passwall              Tmut/Erth      ####......   1%          2    None


Dungeon Overview and Level Annotations

Branches:
Dungeon (14/15)            Temple (1/1) D:4            Lair (6/6) D:11
  Swamp (4/4) Lair:3       Spider (0/4) Lair:3        Slime (0/5) Lair:5
    Orc (2/2) D:12            Elf (0/3) Orc:2        Vaults (0/5) D:14

Altars:
Ashenzari
Cheibriados
Dithmenos
Elyvilon
Fedhas
Gozag
Hepliaklqana
Kikubaaqudgha
Makhleb
Nemelex Xobeh
Okawaru
Qazlal
Ru
Sif Muna
Trog
Uskayaw
Vehumet
Xom
Yredelemnul
Zin
The Shining One
Jiyva

Shops:
D:5 %   Orc:1 !   Orc:2 ([%:*


Innate Abilities, Weirdness & Mutations

You cannot wear most types of armour.
You are very stealthy in the water. (Stealth+)
You are amphibious.
You can wear up to eight rings at the same time.
You can use your tentacles to constrict eight enemies at once.
Your skin changes colour to match your surroundings (Stealth+).
Your rubbery body absorbs attacks. (AC +1, EV +1)


Message History

Roots grasp at your tentacles, making movement difficult.
The briar patch crumbles away. x2; You block the hornet's attack.
The bolt of cold hits your adder.
Your adder dies!
A bolt of cold appears from out of your range of vision.
The bolt of cold hits the briar patch.
Your adder closely misses the hornet.
Your adder bites the hornet but does no damage.
You thrash the hornet!!!
You kill the hornet!
Cheibriados appreciates the change of pace.
The briar patch crumbles away. x3
The briar patch crumbles away. x3
A six-headed hydra comes into view.
Your adder bites the shambling mangrove but does no damage.
There is a stone staircase leading up here.
You tentacle-slap the shambling mangrove.
The shambling mangrove is lightly damaged.
Your adder bites the shambling mangrove.
The shambling mangrove hits you!!
You die... ♣PPP≈PP♣

♣♣.≈≈≈≈.♣♣♣
♣P..D.≈.♣≈♣♣
♣♣P.....≈..♣♣
♣...f.S$.≈≈.♣
♣PP.♣.....≈≈♣♣
♣PP≈♣♣♣yS≈§≈.♣
♣♣♣.†≈♣♣≈≈P≈P≈.♣
♣@fS..♣♣S.PfP...≈
♣SS..≈≈.≈.PP..≈.≈
♣♣♣♣(.≈≈<♣PP.n<≈≈
♣♣.≈≈≈.♣♣≈.≈≈≈
.≈≈≈≈.♣ ≈.≈≈≈
≈≈≈≈..♣♣ .♣≈.≈
≈≈≈♣♣ ≈§♣


You could see a thorn hunter, a shambling mangrove, a friendly water moccasin
and 2 friendly adders.

Vanquished Creatures
  Kirke (D:12)
  2 thorn hunters (Swamp:3)
  Donald (Swamp:3)
  2 dire elephants (Lair:6)
  Nessos (Orc:2)
  2 ettins (Orc:1)
  Snorg (Lair:6)
  A fire dragon (Lair:6)
  Josephine (Orc:2)
  Fannar (Orc:1)
  2 ghost crabs
  2 ice dragons (IceCv)
  A minotaur (Lab)
  4 vault guards (D:14)
  A catoblepas (Lair:6)
  Erica (D:10)
  16 hydras
  2 centaur warriors
  10 two-headed ogres
  10 alligators
  A death knight (D:11)
  3 death yaks (Lair:6)
  5 orc high priests (Orc:2)
  The ghost of raph the Arsonist, a novice DEFE of Sif Muna (D:10)
  Sonja (D:11)
  4 unseen horrors
  5 swamp dragons
  2 spriggan druids
  A phantasmal warrior (D:12)
  2 lindwurms (Lair:6)
  Pikel (D:5)
  A shambling mangrove (Swamp:3)
  An oklob plant (Lair:6)
  An orc sorcerer (Orc:2)
  8 orc knights (Orc:2)
  4 ugly things
  A manticore (D:13)
  2 ice statues (IceCv)
  20 elephants
  8 black mambas
  A molten gargoyle (Volcano)
  2 gargoyles
  18 spiny frogs
  5 centaur skeletons
  10 komodo dragons
  An efreet (D:14)
  A freezing wraith (D:12)
  9 rime drakes
  A queen bee (D:10)
  5 trolls
  2 polar bears (Lair:5)
  8 tyrant leeches
  3 slime creatures
  3 hornets
  23 blink frogs
  6 hippogriffs
  8 bog bodies
  A meliai zombie (D:14)
  14 dream sheep
  5 shadows
  2 spriggans (Swamp:2)
  The ghost of ThereIsNoGod the Cudgeler, an amateur TrFi (D:3)
  4 wraiths
  7 basilisks
  41 yaks
  6 wyverns
  3 fire elementals (Volcano)
  3 hogs (D:12)
  A steam dragon (D:9)
  11 vampire mosquitoes
  2 wargs (Orc:1)
  6 swamp worms
  6 insubstantial wisps (Swamp:2)
  Edmund (D:6)
  5 acid dragons
  21 water moccasins
  6 porcupines
  16 swamp drakes
  21 ice beasts
  3 black bears
  A hornet zombie (D:10)
  An eye of draining (D:14)
  34 orc warriors
  12 ogres
  3 sky beasts
  3 phantoms
  8 wolves (Lair:6)
  5 centaurs
  12 crocodiles
  3 big kobolds
  5 elf zombies (Ossuary)
  21 bullfrogs
  A gnoll sergeant (D:12)
  7 scorpions
  36 killer bees
  3 howler monkeys
  An electric eel (Lair:1)
  7 crimson imps
  6 centaur zombies
  3 jellies
  A quasit (D:9)
  11 hounds
  19 orc wizards
  31 orc priests
  5 human zombies (Ossuary)
  2 bullfrog skeletons
  4 iguanas
  11 worker ants
  A killer bee zombie (D:8)
  3 mummies (Ossuary)
  A hound skeleton (D:4)
  A howler monkey zombie (D:8)
  A worker ant zombie (D:5)
  2 howler monkey skeletons
  15 gnolls
  14 adders
  3 shadow imps
  2 oozes
  A dart slug (D:1)
  8 leopard geckos
  94 orcs
  2 ball pythons (D:1)
  9 giant cockroaches
  14 goblins
  7 hobgoblins
  15 jackals
  22 kobolds
  6 quokkas
  A ball python zombie (D:5)
  10 bats
  7 frilled lizards
  A quokka zombie (D:5)
  6 rats
  2 briar patches (Swamp:3)
  A fungus (Lair:5)
931 creatures vanquished.

Vanquished Creatures (collateral kills)
  Menkaure (D:7)
  2 orc priests (Orc:2)
  An orc wizard (D:10)
  An orc (D:4)
5 creatures vanquished.

Vanquished Creatures (others)
  A spriggan (Swamp:2)
  A human (D:12)
  An orc priest (D:12)
  A gnoll (D:12)
  An orc (D:12)
  A briar patch (Swamp:4)
  4 bushes (Lair:6)
  23 fungi
  27 plants (Lair:6)
60 creatures vanquished.

Grand Total: 996 creatures vanquished

Notes
Turn   | Place    | Note
-------+----------+-------------------------------------------
     0 | D:1      | Haldmier the Octopode Transmuter began the quest for the Orb.
     0 | D:1      | Reached XP level 1. HP: 13/13 MP: 3/3
   169 | D:1      | Reached XP level 2. HP: 18/18 MP: 5/5
   176 | D:1      | Learned a level 2 spell: Sticks to Snakes
   586 | D:1      | Reached skill level 1 in Stealth
   700 | D:1      | Reached XP level 3. HP: 22/23 MP: 6/6
  1405 | D:2      | Reached XP level 4. HP: 24/28 MP: 7/7
  1851 | D:2      | Found a shadowy altar of Dithmenos.
  2143 | D:2      | Learned a level 3 spell: Spider Form
  2271 | D:3      | Noticed ThereIsNoGod's ghost (amateur TrFi)
  2370 | D:3      | Reached XP level 5. HP: 34/34 MP: 6/8
  2380 | D:3      | Reached skill level 4 in Unarmed Combat
  2816 | D:3      | You fall through a shaft for 3 floors!
  3106 | D:6      | Noticed Pikel
  3106 | D:6      | Noticed a slave
  3106 | D:6      | Noticed a slave
  3106 | D:6      | Noticed a slave
  3106 | D:6      | Noticed a slave
  3206 | D:5      | Entered Level 5 of the Dungeon
  3208 | D:5      | Noticed a centaur
  3286 | D:4      | Reached skill level 1 in Poison Magic
  3286 | D:4      | Reached XP level 6. HP: 15/39 MP: 7/9
  3504 | D:4      | Found a staircase to the Ecumenical Temple.
  3513 | Temple   | Entered the Ecumenical Temple
  3623 | Temple   | Became a worshipper of Cheibriados the Contemplative
  3694 | Temple   | Reached skill level 7 in Unarmed Combat
  3694 | Temple   | Reached XP level 7. HP: 49/49 MP: 10/10
  4131 | D:3      | Killed ThereIsNoGod's ghost
  4131 | D:3      | Reached skill level 5 in Fighting
  4719 | D:3      | Reached * piety under Cheibriados
  4870 | D:4      | Reached skill level 8 in Unarmed Combat
  4876 | D:4      | Learned a level 4 spell: Ice Form
  5271 | D:4      | Reached XP level 8. HP: 45/55 MP: 11/11
  5678 | D:5      | Reached ** piety under Cheibriados
  5817 | D:5      | Found Ziorevic's Food Emporium.
  5999 | D:5      | Found a sacrificial altar of Ru.
  6489 | D:6      | Found a glowing golden altar of the Shining One.
  6942 | D:6      | Reached XP level 9. HP: 45/61 MP: 10/12
  6944 | D:6      | Noticed Edmund
  6990 | D:6      | Reached skill level 1 in Ice Magic
  7120 | D:6      | Killed Edmund
  7252 | D:5      | Killed Pikel
  7252 | D:5      | Reached *** piety under Cheibriados
  7382 | D:7      | Noticed Menkaure
  7393 | D:7      | Killed Menkaure
  7494 | D:7      | Reached skill level 1 in Invocations
  7771 | D:7      | Found an ancient bone altar of Kikubaaqudgha.
  8017 | D:7      | Found an opulent altar of Gozag.
  8017 | D:7      | Found a glowing silver altar of Zin.
  8296 | D:8      | Noticed a two-headed ogre
  8434 | D:8      | Reached **** piety under Cheibriados
  8434 | D:8      | Reached XP level 10. HP: 36/68 MP: 11/14
  8506 | D:8      | Found a sand-covered staircase.
  8513 | Ossuary  | Entered an ossuary
  8603 | Ossuary  | Learned a level 5 spell: Blade Hands
  8749 | Ossuary  | Reached skill level 9 in Unarmed Combat
  9026 | D:8      | Reached ***** piety under Cheibriados
  9251 | D:8      | Killed a two-headed ogre
  9494 | D:8      | Noticed a two-headed ogre
  9499 | D:8      | Killed a two-headed ogre
  9777 | D:9      | Noticed a two-headed ogre
  9784 | D:9      | Killed a two-headed ogre
  9784 | D:9      | Reached XP level 11. HP: 72/72 MP: 10/16
 10329 | D:9      | Found a deep blue altar of Sif Muna.
 10378 | D:10     | Entered Level 10 of the Dungeon
 10936 | D:10     | Reached ****** piety under Cheibriados
 10962 | D:10     | Reached skill level 10 in Unarmed Combat
 10962 | D:10     | Reached skill level 5 in Invocations
 11222 | D:10     | Noticed Erica
 11447 | D:10     | Killed an unseen horror
 11644 | D:10     | Killed an unseen horror
 12091 | D:10     | Noticed a two-headed ogre
 12100 | D:10     | Killed a two-headed ogre
 12181 | D:10     | Noticed a purple ugly thing
 12181 | D:10     | Noticed raph's ghost (novice DEFE)
 12225 | D:11     | Noticed Sonja
 12472 | D:11     | Killed Sonja
 12472 | D:11     | Reached skill level 10 in Stealth
 12482 | D:11     | Found a labyrinth entrance.
 12488 | D:11     | Noticed a brown ugly thing
 12496 | D:11     | Killed a brown ugly thing
 12500 | Lab      | Entered a labyrinth
 13383 | Lab      | Noticed a minotaur
 13397 | Lab      | Killed a minotaur
 13397 | Lab      | Reached XP level 12. HP: 81/81 MP: 18/18
 13441 | Lab      | Got a crude glass ring
 13442 | Lab      | Identified the ring of Cetsoos {rElec Str+5} (You took it off a minotaur in a labyrinth)
 13448 | Lab      | Identified the Almanac of the Eternal Void
 14441 | D:11     | Found a staircase to the Lair.
 14450 | Lair:1   | Entered Level 1 of the Lair of Beasts
 14944 | Lair:1   | Learned a level 1 spell: Confusing Touch
 15109 | Lair:1   | Reached skill level 11 in Unarmed Combat
 16202 | D:10     | Noticed a two-headed ogre
 16207 | D:10     | Killed a two-headed ogre
 16217 | D:10     | Killed Erica
 16406 | D:10     | Killed raph's ghost
 17384 | D:11     | Reached XP level 13. HP: 74/88 MP: 13/19
 18026 | Lair:2   | Found a dark tunnel.
 18076 | Volcano  | Entered a volcano
 19116 | Lair:3   | Found a staircase to the Swamp.
 19123 | Lair:3   | Reached skill level 12 in Unarmed Combat
 19487 | Lair:3   | Found a hole to the Spider Nest.
 20463 | Lair:4   | Reached skill level 10 in Invocations
 21171 | Lair:4   | Reached skill level 10 in Dodging
 21977 | Lair:5   | Reached skill level 13 in Unarmed Combat
 22255 | Lair:5   | Found a staircase to the Slime Pits.
 22263 | Lair:5   | Found a viscous altar of Jiyva.
 22391 | Lair:5   | Reached XP level 14. HP: 97/97 MP: 22/22
 22913 | Lair:6   | Entered Level 6 of the Lair of Beasts
 23669 | Lair:6   | Found an ancient bone altar of Kikubaaqudgha.
 24463 | Lair:6   | Noticed a dire elephant
 24472 | Lair:6   | Killed a dire elephant
 24742 | Lair:6   | Noticed a dire elephant
 24747 | Lair:6   | Killed a dire elephant
 24763 | Lair:6   | Reached skill level 14 in Unarmed Combat
 25074 | Lair:6   | Noticed Snorg
 25086 | Lair:6   | Killed Snorg
 25271 | Lair:6   | Reached skill level 10 in Fighting
 25308 | Lair:6   | Got a shimmering iron ring
 25310 | Lair:6   | Identified the ring of Xom's Passing Interest {rF++ Int+5 Dex+7 Slay-6} (You found it on level 6 of the Lair of Beasts)
 25700 | Lair:6   | Reached XP level 15. HP: 89/103 MP: 24/24
 26159 | Lair:1   | Learned a level 2 spell: Blink
 26610 | D:12     | Reached skill level 15 in Unarmed Combat
 26745 | D:12     | Found a staircase to the Orcish Mines.
 26797 | Orc:1    | Entered Level 1 of the Orcish Mines
 26801 | Orc:1    | Noticed Fannar
 26810 | Orc:1    | Killed Fannar
 27098 | Orc:1    | Found Syoxyczu's Distillery.
 27239 | Orc:2    | Entered Level 2 of the Orcish Mines
 27282 | Orc:2    | Found Zoczocle's General Store.
 27427 | Orc:2    | Found a staircase to the Elven Halls.
 27487 | Orc:2    | Noticed Nessos
 27631 | Orc:2    | Noticed Josephine
 27684 | Orc:2    | Killed Nessos
 27867 | Orc:2    | Killed Josephine
 29287 | Orc:2    | Found Leusex's Food Emporium.
 29288 | Orc:2    | Found Tuelyext's Antique Armour Shoppe.
 29288 | Orc:2    | Found Jemesm's Weapon Emporium.
 29289 | Orc:2    | Found Rijynaiz's Book Emporium.
 29300 | Orc:2    | Bought a shield for 130 gold pieces
 29311 | Orc:2    | Bought a book of Burglary for 975 gold pieces
 29314 | Orc:2    | Learned a level 2 spell: Passwall
 29404 | Orc:2    | Reached skill level 1 in Shields
 29566 | D:12     | Noticed Kirke
 29576 | D:12     | Killed Kirke
 30026 | D:13     | Found a frozen archway.
 30039 | IceCv    | Entered an ice cave
 30175 | IceCv    | Reached XP level 16. HP: 99/112 MP: 25/25
 30301 | IceCv    | Reached skill level 5 in Shields
 31711 | D:14     | Found a gate to the Vaults.
 32451 | D:14     | Found a glowing silver altar of Zin.
 32696 | Swamp:1  | Entered Level 1 of the Swamp
 32986 | Swamp:1  | Found a transporter.
 33223 | Swamp:1  | Found a transporter.
 33392 | Swamp:1  | Reached skill level 10 in Shields
 33882 | Swamp:1  | Identified the Incunabulum of Shifting Lightness
 33887 | Swamp:1  | Got a sparkling tin ring
 33901 | Swamp:1  | Got a glittering iron ring
 33911 | Swamp:1  | Identified the ring "Uheoch" {Wiz rPois rF- Stlth+} (You found it on level 1 of the Swamp)
 33913 | Swamp:1  | Identified the ring "Terurro" {MR++ MP+9} (You found it on level 1 of the Swamp)
 35316 | Swamp:3  | Identified the Catalogue of the Compass
 35340 | Swamp:3  | Reached XP level 17. HP: 117/117 MP: 26/26
 35637 | Swamp:3  | Noticed Donald
 35649 | Swamp:3  | Killed Donald
 36563 | Swamp:4  | Entered Level 4 of the Swamp
 36599 | Swamp:4  | Mangled by a shambling mangrove

Skill      XL: |  1  2  3  4  5  6  7  8  9 10 11 12 13 14 15 16 17 |
---------------+----------------------------------------------------+-----
Stealth        | 1 2 3 7 8 9 10 11 | 11.0
Unarmed Combat | 4 7 8 9 10 11 13 14 15 | 15.8
Fighting       | 2 4 5 6 7 8 9 10 11 | 11.2
Poison Magic   | 1 2 |  2.0
Dodging        | 6 7 8 9 10 11 12 | 12.1
Transmutations | 7 8 |  8.0
Ice Magic      | 1 2 |  2.0
Spellcasting   | 3 4 |  4.0
Invocations    | 2 4 6 8 11 12 | 12.0
Shields        | 4 12 13 | 13.4

Action                   |  1- 3 |  4- 6 |  7- 9 | 10-12 | 13-15 | 16-18 || total
-------------------------+-------+-------+-------+-------+-------+-------++-------
Melee: Unarmed           |    68 |    97 |   246 |   435 |   728 |   371 ||  1945
       Constrict         |    18 |    24 |    53 |    65 |   107 |    38 ||   305
       Kick              |    12 |    23 |    60 |    73 |   128 |    39 ||   335
       Tentacles         |     9 |    11 |    54 |    96 |   214 |   111 ||   495
       Punch             |     2 |     1 |    13 |    49 |   111 |    59 ||   235
 Fire: Shortbow          |       |       |       |       |     3 |       ||     3
       Blowgun           |       |       |       |       |     2 |       ||     2
Throw: Javelin           |     6 |     3 |    14 |     4 |     1 |       ||    28
       Tomahawk          |       |       |       |     2 |       |       ||     2
 Cast: Beastly Appendage |    13 |    14 |    37 |    27 |    62 |    24 ||   177
       Spider Form       |       |     1 |     4 |     4 |       |       ||     9
       Sticks to Snakes  |       |       |     9 |     1 |       |     4 ||    14
       Blade Hands       |       |       |       |    20 |    57 |    17 ||    94
       Ice Form          |       |       |       |     7 |     6 |     8 ||    21
       Confusing Touch   |       |       |       |     2 |       |       ||     2
Invok: Slouch            |       |       |       |     2 |     2 |       ||     4
       Bend Time         |       |       |       |     1 |       |       ||     1
Evoke: Wand              |       |       |       |     5 |     3 |       ||     8
  Use: Scroll            |       |     6 |     6 |    20 |    11 |     4 ||    47
       Potion            |       |     1 |     2 |     3 |     2 |     2 ||    10
 Stab: Sleeping          |     4 |     6 |    24 |    21 |    16 |    26 ||    97
       Distracted        |     2 |       |     2 |     4 |     1 |     3 ||    12
       Confused          |       |       |       |     2 |     3 |     2 ||     7
       Petrified         |       |       |       |       |     3 |       ||     3
       Betrayed ally     |       |       |       |       |     1 |       ||     1
  Eat: Chunk             |     1 |     8 |    10 |    21 |    36 |    17 ||    93
       Fruit             |       |       |       |     1 |     5 |       ||     6
Armor: Skin              |     3 |     6 |     1 |    37 |    29 |    21 ||    97
Dodge: Dodged            |    35 |    63 |   130 |   413 |   542 |   251 ||  1434
Block: Shield            |       |       |       |       |       |    84 ||    84
